 Dungeon Crawl Stone Soup version 0.21.0-3-g78d12a8 (webtiles) character file.

31 letownia2 the Magician (level 3, -1/16 HPs)
             Began as a Vine Stalker Wizard on Jan 14, 2018.
             Slain by Purgy (3 damage)
             ... in a sewer.
             The game lasted 00:03:44 (797 turns).

letownia2 the Magician (Vine Stalker Wizard)         Turns: 797, Time: 00:03:45

Health: -1/16      AC:  0    Str: 10    XL:     3   Next: 22%
Magic:  0/8        EV: 12    Int: 18    God:
Gold:   79         SH:  0    Dex: 12    Spells: 1/8 levels left

rFire    . . .     SeeInvis .   h - +2 dagger (flame)
rCold    . . .     Gourm    .   (no shield)
rNeg     . . .     Faith    .   (no armour)
rPois    .         Spirit   +   b - +0 hat
rElec    .         Reflect  .   (no cloak)
rCorr    .         Harm     .   (no gloves)
MR       .....                  (no boots)
Stlth    ++........             (no amulet)
HPRegen  0.05/turn              (no ring)
MPRegen  0.11/turn              (no ring)

@: very slightly contaminated
A: fangs 2, magic shield, antimagic bite, no potion heal 3, rot immunity
a: no special abilities


You were in a sewer.
You were not hungry.

You visited 1 branch of the dungeon, and saw 3 of its levels.
You also visited: Sewer.

You collected 79 gold pieces.

Inventory:

Hand Weapons
 h - a +2 dagger of flaming (weapon)
 l - a +0 blowgun
 m - a +0 short sword of speed
Armour
 a - a +0 robe
 b - a +0 hat (worn)
 j - a +0 ring mail
Scrolls
 f - 2 scrolls of identify {unknown}
 i - a scroll of teleportation {unknown}
Potions
 e - 2 potions of lignification {unknown}
 g - 4 potions of flight {unknown}
Books
 c - a book of Minor Magic

   Spells                             Type                      Level
   a - Magic Dart                     Conjuration                  1
   b - Blink                          Translocation                2
   c - Call Imp                       Summoning                    2
   d - Slow                           Hexes                        2
   e - Conjure Flame                  Conjuration/Fire             3
   f - Mephitic Cloud                 Conjuration/Poison/Air       3
Comestibles
 d - 2 rations
 k - 3 chunks of flesh


   Skills:
 - Level 1.5 Dodging
 - Level 2.4 Stealth
 - Level 3.2 Spellcasting
 + Level 3.0 Conjurations
   Level 1.0 Summonings
   Level 1.0 Translocations
 + Level 0.1 Fire Magic
 + Level 0.1 Air Magic
 + Level 0.1 Poison Magic


You had one spell level left.
You knew the following spells:

 Your Spells              Type           Power        Failure   Level  Hunger
a - Magic Dart            Conj           ##..         4%          1    None
b - Mephitic Cloud        Conj/Pois/Air  #.......     30%         3    ###....
c - Conjure Flame         Conj/Fire      #.......     26%         3    ###....


Dungeon Overview and Level Annotations

Branches:
Dungeon (3/15)

Altars:

Annotations:
D:3 Lovchig's ghost, amateur DDFi Sewer Purgy


Innate Abilities, Weirdness & Mutations

You have extremely sharp teeth.
When hurt, damage is shared between your health and your magic reserves.
Your bite disrupts and absorbs the magic of your enemies.
Potions cannot restore your health.
You are immune to rotting.


Message History

* * * LOW HITPOINT WARNING * * *
Unknown command.
Unknown command.
You aren't carrying any items that you can evoke.
Unknown command.
You aren't carrying any pieces of jewellery.
Unknown command.
Wield which item (- for none, * to show all)? (? for menu, Esc to quit)
Okay, then.
You aren't carrying any items that you can evoke.
Unknown command.
Wield which item (- for none, * to show all)? (? for menu, Esc to quit)
Your +2 dagger of flaming bursts into flame!
h - a +2 dagger of flaming (weapon)
You hit Purgy. You burn Purgy.
Purgy is heavily wounded.
Purgy bites you.
* * * LOW HITPOINT WARNING * * *
Purgy claws you.
You die...

#..).≈≈≈((.?#
####.≈≈≈.#
####.≈≈≈(####
#..'.≈≈≈('..#
####.≈≈≈.####
####.≈≈≈(####
#..'..∩....∩#
####.≈≈≈.####
####.≈≈≈@#
#.†'.≈≈≈T+
####.≈≈≈.#
####.≈≈≈.#
#.†'.≈≈≈.+
####.≈≈≈.#
####.≈≈≈.#
#..'.≈≈≈.+
##########


You could see Purgy.

Vanquished Creatures
  An adder (D:3)
  An ooze (D:2)
  A worm (D:3)
  An orc (D:3)
  A giant cockroach (D:3)
  A hobgoblin (D:3)
  A jackal (D:3)
  A bat (D:2)
  2 frilled lizards
  3 kobolds (Sewer)
  4 rats
17 creatures vanquished.

Notes
Turn   | Place    | Note
-------+----------+-------------------------------------------
     0 | D:1      | letownia2 the Vine Stalker Wizard began the quest for the Orb.
     0 | D:1      | Reached XP level 1. HP: 9/9 MP: 5/5
   198 | D:3      | Reached XP level 2. HP: 13/13 MP: 4/7
   305 | D:3      | Noticed Lovchig's ghost (amateur DDFi)
   461 | D:3      | Found a glowing drain.
   563 | D:3      | Reached XP level 3. HP: 12/16 MP: 2/8
   573 | D:3      | Learned a level 3 spell: Mephitic Cloud
   577 | D:3      | Learned a level 3 spell: Conjure Flame
   639 | Sewer    | Entered a sewer
   767 | Sewer    | Noticed Purgy
   797 | Sewer    | Slain by Purgy

Skill      XL: |  1  2  3 |
---------------+----------+-----
Conjurations   | 2 3 |  3.0
Dodging        | |  1.5
Stealth        | |  2.4
Spellcasting   | |  3.2
Summonings     | |  1.0
Translocations | |  1.0
Fire Magic     | |  0.1
Air Magic      | |  0.1
Poison Magic   | |  0.1

Action                   || total
-------------------------++-------
Melee: Unarmed           ||     4
       Bite              ||     5
       Dagger            ||    27
 Fire: Blowgun           ||     7
 Cast: Magic Dart        ||    31
 Stab: Sleeping          ||     2
Armor: Ring mail         ||     9
       Robe              ||     2
Dodge: Dodged            ||    27
